 Dungeon Crawl Stone Soup version 0.19.0-11-g3fc08b3 (webtiles) character file.

222 Guinours the Grave Robber (level 5, -13/36 HPs)
             Began as a Demonspawn Necromancer on Nov 9, 2016.
             Mangled by an ogre
             ... wielding a +0 giant club
              (19 damage)
             ... on level 4 of the Dungeon.
             The game lasted 00:22:47 (3936 turns).

Guinours the Grave Robber (Demonspawn Necromancer)  Turns: 3936, Time: 00:22:48

Health: -13/36     AC:  2    Str:  8    XL:     5   Next: 66%
Magic:  10/10      EV: 14    Int: 18    God:
Gold:   171        SH:  0    Dex: 13    Spells: 2 memorised, 9 levels left

rFire  . . .     SeeInvis .     z - +2 dagger (flame)
rCold  . . .     Gourm    .     A - +0 robe
rNeg   . . .     Faith    .     (no shield)
rPois  +         Spirit   .     (no helmet)
rElec  .         Reflect  .     (no cloak)
rCorr  .         Harm     .     (no gloves)
MR     .....                    (no boots)
Stlth  ++........               (no amulet)
                                (no ring)
                                y - ring of poison resistance

@: no status effects
A: talons 1, repulsion field 1, powered by pain 1
a: no special abilities


You were on level 4 of the Dungeon.
You were not hungry.

You visited 1 branch of the dungeon, and saw 4 of its levels.

You collected 171 gold pieces.

Inventory:

Hand Weapons
 z - a +2 dagger of flaming (weapon)
Missiles
 f - 127 stones (quivered)
Armour
 A - a +0 robe (worn)
Jewellery
 y - a ring of poison resistance (left hand)
Scrolls
 d - 3 scrolls of fear
 e - a scroll of blinking
 g - 2 scrolls of recharging {unknown}
 h - 3 scrolls of identify
 i - a scroll of remove curse {unknown}
 j - 2 scrolls of teleportation
 q - 2 scrolls of noise {unknown}
 r - a scroll of enchant weapon {unknown}
 x - 2 scrolls of fog {unknown}
Potions
 a - a potion of brilliance {unknown}
 l - 2 potions of degeneration
 n - a potion of mutation {unknown}
 v - a potion of lignification {unknown}
 w - a potion of ambrosia {unknown}
Books
 b - a book of Necromancy

   Spells                             Type                      Level
   a - Pain                           Necromancy                   1
   b - Animate Skeleton               Necromancy                   1
   c - Vampiric Draining              Necromancy                   3
   d - Regeneration                   Charms/Necromancy            3
   e - Animate Dead                   Necromancy                   4
   f - Control Undead                 Necromancy                   4
Comestibles
 c - 4 bread rations
 k - a beef jerky
 m - 2 meat rations
 o - 3 chunks of flesh
 t - a slice of pizza
 u - 2 fruits


   Skills:
 + Level 0.4 Fighting
 + Level 2.0 Dodging
 + Level 2.0 Stealth
 + Level 0.8 Unarmed Combat
 + Level 3.9 Spellcasting
 + Level 5.9 Necromancy


You had 9 spell levels left.
You knew the following spells:

 Your Spells              Type           Power        Failure   Level  Hunger
a - Pain                  Necr           ####         1%          1    None
b - Animate Skeleton      Necr           N/A          1%          1    None


Dungeon Overview and Level Annotations

Branches:
Dungeon (4/15)
 Temple: D:4-7

Altars:
Dithmenos
Trog

Annotations:
D:4 Menkaure


Innate Abilities, Weirdness & Mutations

You have sharp toenails.
You are surrounded by a mild repulsion field. (EV +2)
You sometimes gain a little power by taking damage.


Message History

You can't see any susceptible monsters within range! (Use Z to cast anyway.)
Your hound skeleton bites the ogre.
The ogre hits your hound skeleton with a giant club!!
Your hound skeleton is destroyed!
Menkaure calls on the powers of darkness!
Your body is wracked with pain!
* * * LOW HITPOINT WARNING * * *
The ogre convulses!
You hit Menkaure. You burn Menkaure. Your kick misses Menkaure.
Menkaure is heavily damaged.
Menkaure closely misses you.
You hit Menkaure. You burn Menkaure. You claw Menkaure, but do no damage.
Menkaure is heavily damaged.
Menkaure draws the symbol "Udjat" in the dust.
Menkaure barely misses you.
You hit Menkaure. You burn Menkaure. You claw Menkaure.
Menkaure is almost destroyed.
Menkaure misses you. The ogre hits you with a giant club!!
Ouch! That really hurt!
You die...

#.#.#.###.# #.#.#.#
#.# #.#.#.###.#
#.........#
#.###.##### #.# #.#
#######.###.# ###..
.........##.####......
#######......M@.......
#......O##.#####
#####.### # #... #####


You could see an ogre and Menkaure.

Vanquished Creatures
  A hound (D:4)
  An orc wizard (D:3)
  A worker ant (D:3)
  6 adders
  An ooze (D:2)
  A worm (D:3)
  2 dart slugs (D:1)
  A leopard gecko (D:3)
  An orc (D:3)
  6 giant cockroaches
  12 hobgoblins
  5 jackals
  7 kobolds
  11 bats
  5 frilled lizards
  A giant cockroach zombie (D:1)
  4 goblins
  A jackal zombie (D:1)
  8 rats
75 creatures vanquished.

Vanquished Creatures (collateral kills)
  A kobold (D:3)
1 creature vanquished.

Grand Total: 76 creatures vanquished

Notes
Turn   | Place    | Note
-------+----------+-------------------------------------------
     0 | D:1      | Guinours the Demonspawn Necromancer began the quest for the Orb.
     0 | D:1      | Reached XP level 1. HP: 13/13 MP: 3/3
   411 | D:1      | Gained mutation: You sometimes gain a little power by taking damage. [demonic ancestry]
   411 | D:1      | Reached XP level 2. HP: 19/19 MP: 3/5
   722 | D:1      | Reached XP level 3. HP: 21/24 MP: 2/6
   756 | D:1      | Learned a level 1 spell: Animate Skeleton
  1009 | D:1      | Reached skill level 5 in Necromancy
  1915 | D:2      | Gained mutation: You are surrounded by a mild repulsion field. (EV +2) [demonic ancestry]
  1915 | D:2      | Reached XP level 4. HP: 27/30 MP: 2/8
  2687 | D:2      | Found a shadowy altar of Dithmenos.
  2688 | D:2      | Found a bloodstained altar of Trog.
  3212 | D:3      | Gained mutation: You have sharp toenails. [demonic ancestry]
  3212 | D:3      | Reached XP level 5. HP: 30/35 MP: 4/10
  3917 | D:4      | Noticed Menkaure
  3918 | D:4      | Noticed an ogre
  3936 | D:4      | Mangled by an ogre

Skill      XL: |  1  2  3  4 |
---------------+-------------+-----
Dodging        | 2 |  2.0
Necromancy     | 5 |  5.9
Stealth        | 2 |  2.0
Spellcasting   | 3 |  3.9
Fighting       | |  0.4
Unarmed Combat | |  0.8

Action                   |  1- 3 |  4- 6 || total
-------------------------+-------+-------++-------
Melee: Unarmed           |    40 |       ||    40
       Dagger            |       |     5 ||     5
       Kick              |       |     4 ||     4
 Cast: Pain              |    71 |    74 ||   145
       Animate Skeleton  |     3 |     6 ||     9
  Use: Potion            |     2 |       ||     2
       Scroll            |       |     4 ||     4
  Eat: Chunk             |     4 |     6 ||    10
Armor: Robe              |    25 |     3 ||    28
Dodge: Dodged            |    41 |    18 ||    59
